 Dungeon Crawl Stone Soup version 0.10.0-32-gfa280cc character file.

111 Dugar the Insei (level 3, -2/23 HPs)
             Began as an Octopode Transmuter on May 16, 2012.
             Slain by an adder (5 damage)
             ... on Level 2 of the Dungeon.
             The game lasted 00:11:27 (2015 turns).

Dugar the Insei (Octopode Transmuter)               Turns: 2015, Time: 00:11:27

HP  -2/23        AC  1     Str 10      XL: 3   Next: 58%
MP   3/4         EV 12     Int 15      God:
Gold 68          SH  0     Dex 12      Spells:  1 memorised,  5 levels left

Res.Fire  : . . .   See Invis. : .     - Unarmed
Res.Cold  : . . .   Warding    : . . (no shield)
Life Prot.: . . .   Conserve   : .   (helmet restricted)
Res.Acid. : . . .   Res.Corr.  : .   (no amulet)
Res.Poison: .       Clarity    : .   (no ring)
Res.Elec. : .       Spirit.Shd : .   (no ring)
Sust.Abil.: . .     Stasis     : .   (no ring)
Res.Mut.  : .       Ctrl.Telep.: .   (no ring)
Res.Rott. : .       Levitation : .   (no ring)
Saprovore : . . .   Ctrl.Flight: .   (no ring)
                                     (no ring)
                                     (no ring)

@: very slightly contaminated, not resistant to hostile enchantments, fairly
stealthy
A: almost no armour, amphibious, constrict 8, camouflage 1, tentacles 3, AC +1
a: no special abilities


You were on level 2 of the Dungeon.
You were not hungry.

You visited 1 branch of the dungeon, and saw 2 of its levels.

You collected 48 gold pieces.

Inventory:

Hand weapons
 f - a +0,+0 sling
 k - a +1,+1 elven vampiric dagger (quivered)
Missiles
 b - 12 +0 arrows
Comestibles
 a - 3 bread rations
 h - a beef jerky
Scrolls
 e - a scroll of enchant armour {unknown}
 g - 3 scrolls of identify {unknown}
 i - a scroll of magic mapping {unknown}
 l - 2 scrolls of recharging {unknown}
 m - a scroll of enchant weapon II {unknown}
 n - a scroll of teleportation {unknown}
 p - 2 scrolls of detect curse {unknown}
 q - a scroll of fear {unknown}
Potions
 c - a potion of speed {unknown}
 j - 4 potions of curing {unknown}
 o - a potion of might {unknown}
Books
 d - a book of Changes

   Spells                             Type                      Level
   *Beastly Appendage                 Transmutation                1
   Sticks to Snakes                   Transmutation                2
   Spider Form                        Transmutation/Poison         3
   Ice Form                           Ice/Transmutation            4
   Blade Hands                        Transmutation                5


   Skills:
 - Level 1.0 Fighting
 - Level 2.0 Dodging
 + Level 5.3 Unarmed Combat
 - Level 2.0 Spellcasting
 - Level 2.0 Transmutations


You had 5 spell levels left.
You knew the following spells:

 Your Spells              Type           Power        Failure   Level  Hunger
a - Beastly Appendage     Trmt           ##.....      12%         1    Strawberry

Dungeon Overview and Level Annotations

Branches:
Dungeon (2/27)

Altars:


Innate Abilities, Weirdness & Mutations

You cannot wear most types of armour.
You can wear up to eight rings at the same time.
You are amphibious.
You can use your tentacles to constrict many enemies at once.
Your rubbery body absorbs attacks (AC +1).
Your skin changes colour to match your surroundings (Stlth).
You have a mass of large tentacles instead of arms.


Message History

* * * LOW HITPOINT WARNING * * *
You tentacle-slap the jackal.
You kill the jackal!
The jackal bites you.
* * * LOW HITPOINT WARNING * * *
You closely miss the jackal. You constrict the jackal.
Your tentacle spike misses the jackal.
The jackal is moderately wounded.
Your spike disappears.
The jackal bites you.
* * * LOW HITPOINT WARNING * * *
You tentacle-slap the jackal. You constrict the jackal. You squeeze the jackal.
You kill the jackal!
You tentacle-slap the goblin. You squeeze the goblin.
You kill the goblin!
You closely miss the adder. You constrict the adder.
The adder is lightly wounded.
The adder closely misses you. The adder bites you.
You die...

#.# #.# ## #.# .# #.# .## #.#
.♣## #.# .♣♣#### #.# ......#
##### #.# .♣♣##.# ##### #@# .
.♣###.#####<####S########...
.###......#>#...............
..........###.##.#......?...
.....................g.....?.
.....................%.......
.##############..#........#.!
.# ######..#........# .#
#....#..###..#####


You could see an adder.

Vanquished Creatures
  2 giant geckos (D:1)
  9 bats
  2 giant cockroaches (D:1)
  4 hobgoblins
  4 jackals (D:2)
  5 giant newts
  6 goblins
  3 kobolds
  4 rats (D:1)
39 creatures vanquished.

Vanquished Creatures (others)
  A rat (D:2)
  A toadstool (D:1)
2 creatures vanquished.

Grand Total: 41 creatures vanquished

Notes
Turn   | Place    | Note
--------------------------------------------------------------
     0 | D:1      | Dugar, the Octopode Transmuter, began the quest for the Orb.
     0 | D:1      | Reached XP level 1. HP: 13/13 MP: 1/1
   296 | D:1      | Reached XP level 2. HP: 11/18 MP: 0/3
   415 | D:1      | Reached skill level 4 in Unarmed Combat
  1119 | D:1      | Reached XP level 3. HP: 16/23 MP: 2/4
  1522 | D:2      | Reached skill level 5 in Unarmed Combat
  2015 | D:2      | Slain by an adder
